Map: Abyssal Reef LE

Players

RiSky - Winner!

  • Race: Zerg Zerg
  • League: Master
  • Spawn Location: 11:00

Guru

  • Race: Zerg Zerg
  • Spawn Location: 5:00

VOD

Have the link to the VOD?

Description

Time

  • Played on: Nov. 15, 2017, 4:37 p.m.
  • Length: 10:56
Show
View Real Time Build Order
Export as new Build Order

RiSky Zerg - Winner!

Build Orders: Hatch First 

Get SALT Encoding   

  12  0:01  Drone  
  13  0:12  Overlord  
  13  0:17  Drone  
  14  0:31  Drone x2  
  14  0:34  Drone  
  17  0:52  Hatchery  
  17  0:55  Drone  
  17  0:58  Drone  
  17  1:03  Extractor  
  17  1:14  Spawning Pool  
  17  1:16  Drone  
  17  1:20  Drone  
  18  1:28  Drone  
  19  1:38  Overlord  
  19  1:49  Drone  
  20  2:00  Queen  
  22  2:01  Drone  
  22  2:03  Metabolic Boost  
  22  2:04  Queen  
  22  2:07  Drone  
  26  2:11  Drone  
  26  2:14  Drone  
  28  2:22  Drone  
  29  2:25  Drone  
  30  2:32  Zergling x2  
  31  2:37  Hatchery  
  31  2:41  Overlord  
  30  2:49  Drone  
  30  2:50  Drone  
  32  2:56  Drone  
  32  2:58  Drone  
  34  2:59  Baneling Nest  
  34  3:04  Zergling x2  
  34  3:11  Zergling x4  
  36  3:13  Drone x2  
  36  3:14  Drone  
  36  3:16  Zergling x2  
  36  3:17  Zergling x2  
  41  3:22  Overlord  
  41  3:23  Drone  
  42  3:32  Queen  
  42  3:33  Drone  
  44  3:40  Overlord  
  44  3:43  Drone x2  
  44  3:45  Baneling, Drone  
  44  3:46  Drone  
  44  3:48  Drone x2  
  49  3:49  Drone  
  49  3:50  Overlord, Drone  
  49  3:54  Drone  
  50  4:13  Drone  
  50  4:14  Extractor, Roach Warren, Drone x2  
  50  4:15  Drone  
  52  4:17  Drone x2  
  52  4:20  Drone  
  52  4:21  Extractor, Overlord, Evolution Chamber  
  52  4:22  Zergling x4  
  52  4:23  Queen  
  57  4:25  Zergling x2  
  57  4:26  Zergling x2  
  57  4:30  Baneling x2  
  59  4:33  Drone  
  59  4:38  Drone  
  61  4:42  Drone  
  61  4:45  Drone  
  62  4:48  Drone  
  62  4:49  Drone x2  
  62  4:50  Zerg Missile Weapons Level 1  
  62  4:51  Drone  
  66  4:55  Drone  
  66  4:56  Drone  
  66  4:58  Overlord  
  68  5:01  Lair  
  68  5:02  Overlord  
  68  5:03  Drone  
  68  5:05  Drone  
  68  5:06  Drone  
  71  5:11  Roach  
  72  5:16  Roach  
  72  5:18  Roach x2  
  76  5:25  Roach x6, Extractor  
  76  5:26  Extractor  
  76  5:27  Overlord  
  86  5:28  Drone  
  86  5:30  Drone  
  88  5:38  Drone  
  88  5:39  Drone  
  88  5:40  Drone  
  88  5:41  Drone  
  92  5:43  Extractor, Overlord, Drone  
  92  5:47  Drone  
  92  5:48  Drone  
  94  5:51  Drone x3  
  94  5:52  Drone  
  94  5:53  Pneumatized Carapace  
  94  5:56  Drone  
  98  6:01  Drone x2  
  98  6:02  Glial Reconstitution  
  98  6:03  Hydralisk Den  
  99  6:04  Hatchery  
  99  6:06  Overlord  
  99  6:09  Roach  
  99  6:10  Roach  
  102  6:12  Roach x2, Unknown  
  102  6:13  Roach x2  
  102  6:16  Roach  
  102  6:17  Overlord  
  112  6:21  Overlord  
  112  6:24  Overlord  
  112  6:27  Overlord x2  
  112  6:30  Roach x2  
  120  6:32  Roach  
  120  6:33  Roach  
  120  6:37  Roach  
  120  6:38  Roach x2  
  126  6:43  Muscular Augments  
  130  6:47  Roach x3  
  130  6:50  Roach x2  
  130  6:52  Roach  
  138  6:56  Roach x2  
  142  7:02  Zerg Missile Weapons Level 2  
  142  7:04  Drone  
  142  7:05  Evolution Chamber  
  142  7:15  Overlord  
  142  7:16  Overlord x4  
  142  7:19  Hydralisk  
  142  7:20  Hydralisk x3  
  150  7:29  Hydralisk x4  
  156  7:32  Hydralisk x2  
  156  7:33  Hydralisk  
  164  7:38  Hydralisk x3  
  164  7:46  Hydralisk x3  
  166  7:51  Roach x3  
  166  7:54  Roach  
  166  7:55  Roach  
  166  7:57  Roach x2  
  154  8:00  Roach x2  
  154  8:04  Roach x3  
  162  8:08  Overlord  
  162  8:10  Roach x3  
  168  8:14  Roach x2  
  168  8:18  Roach x2, Unknown  
  168  8:19  Roach, Unknown  
  178  8:23  Roach x2  
  182  8:28  Roach x3  
  182  8:32  Roach x2  
  182  8:33  Roach  
  196  8:34  Roach x2  
  196  8:38  Roach  
  194  8:47  Roach x3  
  198  9:02  Overlord  
  195  9:15  Roach x10  
  195  9:16  Roach x5  
  185  9:19  Roach x2  
  185  9:21  Roach  
  177  9:26  Roach x3  
  177  9:34  Infestation Pit, Roach x3  
  178  9:40  Roach x3  
  184  9:47  Roach  
  184  9:49  Roach x3  
  192  9:53  Roach  
  192  9:54  Roach x3  
  200  10:05  Hatchery  
  200  10:06  Overseer x2  
Show
View Real Time Build Order
Export as new Build Order

Guru Zerg 

Build Orders: Hatch First, Lurkers 

Get SALT Encoding   

  12  0:01  Drone  
  13  0:13  Overlord  
  13  0:17  Drone  
  14  0:31  Drone x2  
  14  0:35  Drone  
  17  0:53  Hatchery  
  17  0:56  Drone  
  17  1:09  Spawning Pool  
  16  1:14  Extractor, Drone  
  16  1:17  Drone  
  17  1:21  Drone  
  18  1:28  Drone  
  19  1:56  Queen  
  19  1:57  Zergling x2  
  22  2:06  Queen  
  24  2:08  Drone  
  24  2:09  Baneling Nest  
  24  2:12  Drone  
  24  2:13  Drone x2  
  27  2:18  Overlord  
  27  2:22  Drone  
  28  2:35  Overlord  
  28  2:37  Metabolic Boost  
  28  2:38  Zergling x2  
  28  2:41  Drone  
  30  2:51  Overlord  
  30  2:56  Drone x2  
  31  3:02  Baneling x2  
  31  3:07  Drone x3  
  31  3:08  Drone  
  35  3:16  Hatchery  
  35  3:19  Drone  
  35  3:21  Drone  
  35  3:24  Drone  
  37  3:30  Zergling x2  
  37  3:32  Zergling x2  
  38  3:35  Queen  
  38  3:41  Drone, Zergling x2  
  41  3:42  Drone x2  
  44  3:50  Baneling  
  44  3:53  Overlord  
  45  3:55  Zergling x2  
  45  3:56  Zergling x8  
  47  4:11  Overlord  
  47  4:13  Drone, Zergling x2  
  47  4:14  Drone x2  
  51  4:17  Baneling x2  
  51  4:23  Extractor, Roach Warren  
  50  4:24  Evolution Chamber, Drone x3  
  50  4:25  Drone x2  
  50  4:27  Drone  
  54  4:33  Overlord  
  54  4:38  Lair  
  54  4:40  Drone  
  53  4:47  Drone x3  
  53  4:48  Drone x3  
  53  4:51  Zerg Missile Weapons Level 1, Extractor  
  58  4:54  Drone  
  58  4:55  Drone  
  58  4:58  Baneling  
  60  5:03  Drone x3  
  63  5:08  Overlord  
  63  5:11  Zergling x4  
  62  5:15  Drone  
  62  5:16  Drone x4  
  62  5:17  Drone  
  68  5:23  Overlord  
  68  5:31  Extractor  
  68  5:32  Extractor, Drone x2  
  68  5:33  Drone x3  
  68  5:34  Drone x3  
  74  5:36  Overlord  
  74  5:39  Overlord  
  74  5:40  Glial Reconstitution  
  74  5:46  Overlord  
  74  5:48  Overlord  
  74  5:51  Overlord  
  74  5:53  Drone  
  74  5:54  Drone  
  74  5:55  Overlord  
  76  5:58  Roach  
  76  5:59  Roach, Overseer  
  80  6:04  Drone x2  
  80  6:06  Roach x2  
  80  6:09  Roach x2  
  80  6:10  Roach x2  
  94  6:19  Roach, Hatchery  
  94  6:20  Roach  
  94  6:23  Roach x2  
  94  6:24  Roach  
  103  6:29  Roach  
  103  6:30  Roach x2  
  111  6:32  Ravager x2  
  113  6:40  Roach x4  
  113  6:41  Roach x2  
  123  6:48  Hydralisk Den  
  123  6:50  Drone  
  123  6:51  Extractor, Drone x2  
  123  6:52  Drone  
  123  6:53  Overlord  
  125  6:58  Roach  
  125  6:59  Roach x2  
  129  7:03  Roach x3  
  129  7:04  Roach x2  
  129  7:05  Zerg Missile Weapons Level 2  
  139  7:12  Overlord  
  139  7:18  Hydralisk x2  
  139  7:19  Hydralisk  
  145  7:25  Muscular Augments, Overlord  
  143  7:35  Hydralisk  
  143  7:36  Hydralisk  
  146  7:39  Drone  
  146  7:40  Lurker Den  
  143  7:44  Hydralisk x3  
  141  7:52  Hydralisk  
  141  7:53  Hydralisk  
  141  7:57  Roach  
  141  7:58  Roach x4  
  134  8:01  Roach  
  134  8:02  Roach  
  134  8:04  Roach  
  134  8:05  Roach  
  138  8:14  Roach x3  
  138  8:15  Roach x2  
  148  8:23  Roach x3  
  154  8:32  Roach x3  
  154  8:33  Roach x3, Overlord  
  154  8:34  Overlord  
  164  8:47  Roach  
  164  8:48  Roach  
  168  9:05  Roach  
  168  9:06  Roach x7  
  142  9:22  Roach  
  142  9:23  Roach x6  
  126  9:34  Lurker  
  126  9:35  Lurker, Hydralisk x3  
  132  9:44  Lurker x2  
  132  9:45  Lurker x3  
  135  10:01  Hatchery  
  134  10:17  Hydralisk x5  
  134  10:18  Hydralisk x2  
  134  10:20  Roach  
  134  10:21  Roach  
  146  10:35  Overlord  
Tags
 
Composition
Lurkers
League
Master
Matchup
ZvZ
Player
GuruRiSky
Race
Zerg
Spawn Locations
Cross Positions
Add a new tag
Caveats
  • Supply blocks, unpowered buildings, or Contaminate may cause inaccurate times.
  • Supply counts are checked every 10 seconds.